 Dungeon Crawl Stone Soup version 0.29.1-1-gd02db6906a (webtiles) character file.

Game seed: 10678872834141355452

1061 sentinel the Magician (level 8, -2/57 HPs)
             Began as a Meteoran Earth Elementalist on Oct 16, 2022.
             Was an Initiate of Cheibriados.
             Engulfed by a steam dragon's steam (7 damage)
             ... on level 8 of the Dungeon.
             The game lasted 00:08:25 (866 turns).

sentinel the Magician (Meteoran Earth Elementalist)  Turns: 866, Time: 00:08:25

Health: -2/57      AC:  2    Str: 11    XL:     8   Next: 81%
Magic:  9/19       EV: 12    Int: 20    God:    Cheibriados [......]
Gold:   0          SH:  0    Dex: 15    Spells: 11/21 levels left

rFire   . . .      SeeInvis .   (no weapon)
rCold   . . .      Faith    .   (no shield)
rNeg    . . .      Spirit   .   a - +0 robe
rPois   .          Reflect  .   (no helmet)
rElec   .          Harm     .   (no cloak)
rCorr   .          Rampage  .   (no gloves)
Will    +....                   (no boots)
Stlth   +.........              (no amulet)
HPRegen 0.19/turn               (no ring)
MPRegen 0.16/turn               (no ring)

@: glowing, very slow
A: sense surroundings 1, otherworldly, glowing, explore regen
a: Renounce Religion


You were on level 8 of the Dungeon.
You worshipped Cheibriados.
Cheibriados was noncommittal.
You visited 2 branches of the dungeon, and saw 9 of its levels.

Inventory:

Missiles
 g - 4 boomerangs
Armour
 a - a +0 robe (worn)
 l - an orb of mayhem
Jewellery
 f - a ring of ice
 i - an amulet of guardian spirit
Wands
 b - a wand of mindburst (20)
 I - a wand of iceblast (4)
Scrolls
 z - 2 scrolls of blinking
Potions
 c - a potion of attraction
 d - a potion of lignification
 e - a potion of degeneration
 j - a potion of brilliance
 k - a potion of berserk rage {unknown}
 m - a potion of resistance {unknown}
 q - 3 potions of curing


   Skills:
 - Level 2.4 Dodging
 - Level 1.4 Stealth
 + Level 7.3 Spellcasting
 - Level 5.3 Conjurations
 + Level 4.8 Translocations
 - Level 1.2 Transmutations
 - Level 6.0 Earth Magic


You had 11 spell levels left.
You knew the following spells:

 Your Spells              Type           Power      Damage    Failure   Level
a - Sandblast             Erth           62%        2d14      1%          1
b - Stone Arrow           Conj/Erth      60%        3d10      2%          3
c - Passwall              Tmut/Erth      17%        N/A       3%          2
z - Passage of Golubria   Tloc           26%        N/A       12%         4

Your spell library contained the following spells:

 Spells                   Type           Power      Damage    Failure   Level
 Ensorcelled Hibernation  Hex/Ice        14%        N/A       14%         2
 Petrify                  Tmut/Erth      21%        N/A       21%         4
 Swiftness                Air            7%         N/A       28%         3
 Tukima's Dance           Hex            7%         N/A       28%         3
 Yara's Violent Unravell  Hex/Tmut       4%         3d4       89%         5


Dungeon Overview and Level Annotations

Branches:
Dungeon (9/15) Zot: 5968   Temple (1/1) D:7 Zot: 829
   Lair: D:8-11         Orc: D:9-12

Altars:
Ashenzari
Cheibriados
Dithmenos
Gozag
Hepliaklqana
Kikubaaqudgha
Nemelex Xobeh
Okawaru
Ru
Sif Muna
Vehumet
Wu Jian
Zin

Annotations:
D:3 Robin


Innate Abilities, Weirdness & Mutations

You passively map a small area around you.
You are easily found by Zot.
You glow in the dark.
You regain HP and MP as you explore.


Message History

Confirm with . or Enter, or press ? or * to list all spells.
Aiming: Stone Arrow (dangerous; 3% risk of failure)
Press: ? - help, Shift-Dir - straight line, f/p - centaur
Aim: a centaur, wielding a +0 shortbow (severely wounded, 83% to hit)
The stone arrow hits the centaur!
You kill the centaur!
Cheibriados thoroughly appreciates the change of pace.
The blast of sand hits the jelly!
The jelly is heavily wounded.
The jelly barely misses you.
Okay, then.
The blast of sand hits the jelly!
You kill the jelly!
Cheibriados appreciates the change of pace.
Your Translocations skill increases to level 4!
Okay, then.
Casting: Sandblast (safe; 1% risk of failure)
Confirm with . or Enter, or press ? or * to list all spells.
Aiming: Stone Arrow (dangerous; 2% risk of failure)
Press: ? - help, Shift-Dir - straight line, f - acid dragon
Aim: an acid dragon (71% to hit)
The stone arrow hits the acid dragon!!
The acid dragon is almost dead.
The acid dragon spits acid at you. The splash of acid hits you!!
The acid corrodes you!
Casting: Stone Arrow (dangerous; 2% risk of failure)
Confirm with . or Enter, or press ? or * to list all spells.
Aiming: Stone Arrow (dangerous; 2% risk of failure)
Press: ? - help, Shift-Dir - straight line, f/p - acid dragon
Aim: an acid dragon (almost dead, catching its breath, 71% to hit)
The stone arrow hits the acid dragon!
You kill the acid dragon!
Cheibriados appreciates the change of pace.
Your Spellcasting skill increases to level 7!
Found a wand of mindburst (11).
Things that are here:
a +0 shortbow; a centaur corpse
There is a stone staircase leading up here.
Unknown command.
You climb upwards.
The kobold brigand shouts!
The kobold shouts! x2; You hear a shout!
The kobold brigand throws a poisoned dart.
The poisoned dart hits you!
You are poisoned.
There is a stone staircase leading down here.
Casting: Stone Arrow (dangerous; 2% risk of failure)
Confirm with . or Enter, or press ? or * to list all spells.
Aiming: Stone Arrow (dangerous; 2% risk of failure)
Press: ? - help, Shift-Dir - straight line, f - kobold brigand
Aim: a kobold brigand, wielding a +0 dagger and quivering poisoned darts (64% to hit)
The stone arrow hits the kobold brigand!
The kobold brigand is heavily wounded.
You feel sick.
The kobold brigand hits you with a +0 dagger.
Casting: Stone Arrow (dangerous; 2% risk of failure)
Confirm with . or Enter, or press ? or * to list all spells.
Aiming: Stone Arrow (dangerous; 2% risk of failure)
Press: ? - help, Shift-Dir - straight line, f/p - kobold brigand
Aim: a kobold brigand, wielding a +0 dagger and quivering poisoned darts (heavily wounded, 64% to hit)
The stone arrow hits the kobold brigand!
The kobold brigand is severely wounded.
You are no longer corroded.
You feel sick. The kobold hits you with a +0 dagger.
The kobold brigand hits you with a +0 dagger.
Casting: Stone Arrow (dangerous; 2% risk of failure)
Confirm with . or Enter, or press ? or * to list all spells.
Aiming: Stone Arrow (dangerous; 2% risk of failure)
Press: ? - help, Shift-Dir - straight line, f/p - kobold brigand
Aim: a kobold brigand, wielding a +0 dagger and quivering poisoned darts (severely wounded, 64% to hit)
The stone arrow hits the kobold brigand!
You kill the kobold brigand!
Cheibriados appreciates the change of pace.
You feel sick. The kobold completely misses you.
The blast of sand hits the kobold!!
You kill the kobold!
Cheibriados appreciates the change of pace.
You feel sick.
A kobold comes into view.
It is wielding a +0 short sword and quivering poisoned darts.
The blast of sand misses the kobold.
You feel sick. The kobold hits you with a +0 dagger. The kobold misses you.
You are out of magic!
Press: ? - help, v - describe, . - travel, g - get item
Items here: a +0 dagger; 4 poisoned darts; a kobold corpse.
The floor.
You feel sick. The kobold hits you with a +0 dagger.
You climb downwards.
You feel sick.
There is a stone staircase leading up here.
You feel sick.
The blast of sand hits the kobold!!
You kill the kobold!
Cheibriados thoroughly appreciates the change of pace.
You feel sick.
You feel sick.
You are no longer poisoned.
b - a wand of mindburst (24) (gained 11 charges)
A steam dragon comes into view.
The steam dragon breathes steam at you. The ball of steam hits you!
The steam dragon moves out of view.
HP warning!
Aiming: Iceblast
Press: ? - help, Shift-Dir - straight line, f - you
Okay, then.
HP warning!
Aiming: Iceblast
Press: ? - help, Shift-Dir - straight line The mass of ice explodes!
You hear a croak.
HP warning!
Aiming: Iceblast
Press: ? - help, Shift-Dir - straight line The mass of ice explodes!
HP warning!
Aiming: Iceblast
Press: ? - help, Shift-Dir - straight line The mass of ice explodes!
A bullfrog comes into view.
Unknown command.
Saving game... please wait.
Welcome back, sentinel the Meteoran Earth Elementalist.
Cheibriados says: Take it easy.
Press ? for a list of commands and other information.
Okay, then.
Okay, then.
You feel better.
Cast which spell? (? or * to list)
Aiming: Passage of Golubria (dangerous; 12% risk of failure)
Press: ? - help, Dir - move target, f - you
Okay, then.
Aiming: Mindburst
Press: ? - help, Shift-Dir - straight line, f - bullfrog
Aim: a bullfrog (chance to affect: 64%)
The bullfrog struggles to resist.
Aiming: Mindburst
Press: ? - help, Shift-Dir - straight line, f/p - bullfrog
Aim: a bullfrog (chance to affect: 64%)
The bullfrog's mind is blasted!
Aiming: Mindburst
Press: ? - help, Shift-Dir - straight line, f/p - bullfrog
Aim: a bullfrog (severely wounded, chance to affect: 64%) Nothing appears to happen.
The steam dragon breathes steam at you. The ball of steam hits you!
* * * LOW HITPOINT WARNING * * *
HP warning!
Aiming: Mindburst
Press: ? - help, Shift-Dir - straight line, f - steam dragon, p - bullfrog
Aim: a steam dragon (moderately wounded, chance to affect: 64%)
The steam dragon's mind is blasted!
You are engulfed in a cloud of scalding steam.
You die...

##.........#*
#...........#
#...........# ~ ~ ,
* ............
.####.........#
,.............## *
#D...§D........ *
#§..######
#@§......##, , ~ *
#§F.......# , , ,,
#.§.§)....# , , *
#...§<....# ,
#.§.......#, ,
*##........########*
,, ,
#..........(.....#
,,, ,
#.##.#.)##.......##
* , #.
#.##....>.......


You could see a steam dragon and a bullfrog.

Vanquished Creatures
  A wyvern (D:8)
  A steam dragon (D:6)
  An acid dragon (D:8)
  A centaur (D:8)
  A kobold brigand (D:7)
  A bullfrog (D:7)
  A scorpion (D:6)
  3 wights (D:7)
  2 orc priests
  A jelly (D:8)
  An iguana (D:5)
  An orc wizard (D:7)
  2 adders
  3 gnolls (D:6)
  2 shadow imps
  A white imp (D:7)
  An ufetubus (D:5)
  A worm (D:2)
  A dart slug (D:1)
  8 orcs
  2 endoplasms
  3 giant cockroaches
  6 goblins
  2 hobgoblins (D:2)
  A quokka (D:3)
  3 ball pythons
  2 bats (D:2)
  A frilled lizard (D:3)
  2 kobolds
  3 rats
59 creatures vanquished.

Vanquished Creatures (others)
  5 toadstools (D:7)
5 creatures vanquished.

Grand Total: 64 creatures vanquished

Notes
Turn   | Place    | Note
-------+----------+-------------------------------------------
     0 | D:1      | sentinel the Meteoran Earth Elementalist began the quest
                  | for the Orb.
     0 | D:1      | Reached XP level 1. HP: 14/14 MP: 5/5
    40 | D:1      | Found a faded altar of an unknown god.
    65 | D:1      | Reached XP level 2. HP: 20/20 MP: 3/6
    68 | D:1      | Learned a level 2 spell: Passwall
   148 | D:2      | Reached skill level 3 in Spellcasting
   205 | D:2      | Reached XP level 3. HP: 23/26 MP: 4/8
   323 | D:3      | Learned a level 3 spell: Stone Arrow
   398 | D:3      | Reached skill level 1 in Conjurations
   398 | D:3      | Reached XP level 4. HP: 33/33 MP: 1/10
   405 | D:3      | Noticed Robin
   422 | D:3      | Found a shimmering blue altar of Sif Muna.
   432 | D:3      | You fall into a shaft and drop 2 floors!
   432 | D:5      | Entered Level 5 of the Dungeon
   438 | D:5      | Reached XP level 5. HP: 9/38 MP: 11/11
   463 | D:5      | Reached skill level 5 in Earth Magic
   475 | D:5      | Learned a level 4 spell: Passage of Golubria
   495 | D:5      | Reached skill level 4 in Spellcasting
   549 | D:5      | Found an iron altar of Okawaru.
   604 | D:6      | Reached XP level 6. HP: 29/45 MP: 4/13
   607 | D:6      | Noticed a steam dragon
   611 | D:6      | Killed a steam dragon
   612 | D:6      | Reached XP level 7. HP: 44/50 MP: 0/15
   656 | D:7      | Found a staircase to the Ecumenical Temple.
   658 | D:7      | Reached skill level 5 in Spellcasting
   658 | D:7      | Reached skill level 5 in Conjurations
   673 | Temple   | Entered the Ecumenical Temple
   709 | Temple   | Became a worshipper of Cheibriados the Contemplative
   744 | D:7      | Reached skill level 1 in Translocations
   769 | D:7      | Reached XP level 8. HP: 45/57 MP: 0/17
   783 | D:8      | Found a sparkling altar of Nemelex Xobeh.
   819 | D:8      | Noticed a wyvern
   821 | D:8      | Killed a wyvern
   822 | D:8      | Reached skill level 6 in Spellcasting
   836 | D:8      | Reached skill level 7 in Spellcasting
   857 | D:8      | Noticed a steam dragon
   866 | D:8      | Engulfed by a steam dragon's steam

Illustrated notes

Levels and vault maps discovered:
D:1:      psy_arrival_dodecagon, layout_rooms, basic_ecumenical_altar,
          fountainhead
D:2:      layout_loops_cross, basic_altar, serial_bayou_pond_d, uniq_sigmund
D:3:      layout_loops_corners, nicolae_overflow_crystal_walls,
          nicolae_overflow_hidden_temple, trog_butcher_becter,
          grunt_temple_overflow_open, wad_floor_pattern_1, grunt_ministairs_9,
          minmay_goblin_outpost, uniq_jessica, uniq_robin
D:5:      layout_cave_pods, kennysheep_mini, uniq_blork_the_orc
D:6:      layout_rooms
D:7:      layout_cave_pods, minmay_temple_entry_arrows,
          gammafunk_ghost_wrathful_warriors, minmay_gold_behind_fungi
D:8:      cheibrodos_two_vegetables, layout_rooms, demons_altar,
          lemuel_crystal_altar, nemelex_spade_bored_becter
D:9:      layout_grid_maze, enter_bailey_6
Temple:   zaba_magenta_temple

Skill      XL: |  1  2  3  4  5  6  7  8 |
---------------+-------------------------+-----
Earth Magic    | 4 5 6 |  6.0
Spellcasting   | 3 4 5 7 |  7.3
Conjurations   | 1 2 3 4 5 |  5.3
Translocations | 2 4 |  4.8
Dodging        | |  2.4
Stealth        | |  1.4
Transmutations | |  1.2

Action                   |  1- 3 |  4- 6 |  7- 9 || total
-------------------------+-------+-------+-------++-------
Melee: Unarmed           |       |     2 |       ||     2
 Cast: Sandblast         |    37 |    14 |    18 ||    69
       Stone Arrow       |     2 |    11 |    20 ||    33
       Passwall          |     1 |     3 |     6 ||    10
Evoke: Wand              |       |     1 |     8 ||     9
  Use: Scroll            |       |     5 |     2 ||     7
       Potion            |       |     1 |     1 ||     2
Armor: Robe              |     1 |     3 |     1 ||     5
Dodge: Dodged            |     4 |    11 |    10 ||    25
